 Dungeon Crawl Stone Soup version 0.22-a0-374-g5dfd9e3 (webtiles) character file.

34 mhoghedin the Poker (level 3, 0/30 HPs)
             Began as a Centaur Gladiator on Apr 26, 2018.
             Slain by Sigmund
             ... wielding a +0 scythe
              (6 damage)
             ... on level 2 of the Dungeon.
             The game lasted 00:02:28 (932 turns).

mhoghedin the Poker (Centaur Gladiator)              Turns: 932, Time: 00:02:29

Health: 0/30       AC:  5    Str: 17    XL:     3   Next: 14%
Magic:  3/3        EV:  9    Int:  7    God:
Gold:   77         SH:  0    Dex: 10    Spells: 2/2 levels left

rFire    . . .     SeeInvis .   a - +0 trident
rCold    . . .     Gourm    .   (no shield)
rNeg     . . .     Faith    .   b - +0 leather armour
rPois    .         Spirit   .   c - +0 helmet
rElec    .         Reflect  .   (no cloak)
rCorr    .         Harm     .   (no gloves)
MR       .....                  (no barding)
Stlth    ..........             (no amulet)
HPRegen  0.10/turn              (no ring)
MPRegen  0.08/turn              (no ring)

@: confused, hasted, very quick
A: large, hooves 3, deformed body, speed 2, tough skin 3
a: no special abilities


You were on level 2 of the Dungeon.
You were not hungry.

You visited 1 branch of the dungeon, and saw 2 of its levels.

You collected 77 gold pieces.

Inventory:

Hand Weapons
 a - a +0 trident (weapon)
Missiles
 d - 3 throwing nets {=f, !d}
Armour
 b - a +0 leather armour (worn)
 c - a +0 helmet (worn)
Scrolls
 g - a scroll of identify {unknown}
 h - a scroll of teleportation {unknown}
 i - a scroll of remove curse {unknown}
Comestibles
 f - a ration


   Skills:
 + Level 2.9 Fighting
 + Level 3.3 Polearms
 - Level 2.1 Throwing
 - Level 2.1 Dodging


You had 2 spell levels left.
You didn't know any spells.

Dungeon Overview and Level Annotations

Branches:
Dungeon (2/15)

Altars:
Gozag

Annotations:
D:2 Sigmund


Innate Abilities, Weirdness & Mutations

You have hooves in place of feet.
Armour fits poorly on your strangely shaped body.
You cover ground very quickly.
You have extremely tough skin. (AC +3)


Message History

No target in view!
No target in view!
No target in view!
No target in view!
No target in view!
No target in view!
No target in view!
No target in view!
You open the door.
There is an open door here.
An adder comes into view.
The adder hisses angrily.
You miss the adder. The adder closely misses you. x2
You miss the adder. You kick the adder! The adder bites you.
You take 1 damage, and have 24/25 hp.
You hit the adder but do no damage. Your kick misses the adder.
The adder closely misses you. The adder bites you.
You take 2 damage, and have 22/25 hp.
You puncture the adder!
You kill the adder!
You have reached level 3!
Your experience leads to an increase in your attributes!
Increase (S)trength, (I)ntelligence, or (D)exterity?
You feel stronger.
You regained 5 hp, and now have 27/30 hp.
MP restored: 3 You now have 59 gold pieces (gained 12).
There is a stone staircase leading down here.
You open the door.
Found a stone staircase leading down.
Health restored: 30 A rat comes into view.
There is an open door here.
You see here a scroll labeled UNAWNO MUVA.
You puncture the rat!
You kill the rat!
h - a scroll labeled UNAWNO MUVA
There is a stone staircase leading down here.
You open the door.
There is an open door here.
You now have 68 gold pieces (gained 9).
Found a stone staircase leading up.
No target in view!
There is a stone staircase leading up here.
You now have 77 gold pieces (gained 9).
You see here a club.
Sigmund the Dreaded comes into view.
He is wielding a scythe.
Sigmund shouts!
Attack whom?
Aim: Sigmund, wielding a scythe and wearing a glowing robe You reach to attack!
You closely miss Sigmund. Sigmund hits you but does no damage.
Okay, then.
Unknown command.
It was a potion of haste.
You feel yourself speed up. Sigmund completely misses you.
Attack whom?
Aim: Sigmund, wielding a scythe and wearing a glowing robe You reach to attack!
You barely miss Sigmund.
Attack whom?
Aim: Sigmund, wielding a scythe and wearing a glowing robe You reach to attack!
You puncture Sigmund!
Sigmund mumbles some strange words.
Sigmund flickers and vanishes!
Deactivating autopickup; reactivate with Ctrl-A.
No target in view!
Attack whom?
You reach to attack!
You miss something. Something hits you.
You take 3 damage, and have 27/30 hp.
Attack whom?
You reach to attack!
You hit something.
Attack whom?
You reach to attack!
You closely miss something.
A magic dart appears from out of thin air!
The magic dart hits you!
You take 2 damage, and have 25/30 hp.
Attack whom?
You reach to attack!
You closely miss something.
Attack whom?
You reach to attack!
You hit something. Something hits you!
You take 10 damage, and have 15/30 hp.
MASSIVE DAMAGE!!
Attack whom?
You reach to attack!
You closely miss something.
Attack whom?
You reach to attack!
You miss something. Something hits you but does no damage.
Attack whom?
You reach to attack!
You hit something.
Attack whom?
You reach to attack!
You barely miss something.
You hear some strange, mumbled words.
You are confused.
You bump into the rock wall.
Something hits you but does no damage.
You bump into the rock wall.
Something hits you!
* * * LOW HITPOINT WARNING * * *
You take 10 damage, and have 6/30 hp.
MASSIVE DAMAGE!!
Something hits you.
You die...

#.#########.# ##'## #.#
##...## ####.#
##.....#.......#
#........# ##..#
.>..†....###....########
.........+..............
.........# #..{..#
#........# ##..#@#
##.....#.# #. #.#
##...##.. .. #.# ##+##
### #.# #.######### #.#
#.#.......# #.#
##.#.......# #.#
###....####..# #.#
.......####..###.#


There were no monsters in sight!

Vanquished Creatures
  An adder (D:2)
  An ooze (D:1)
  A leopard gecko (D:1)
  2 bats (D:1)
  2 goblins (D:1)
  A hobgoblin (D:2)
  2 jackals (D:2)
  3 kobolds (D:1)
  A ball python (D:1)
  2 frilled lizards (D:1)
  5 rats
21 creatures vanquished.

Notes
Turn   | Place    | Note
-------+----------+-------------------------------------------
     0 | D:1      | mhoghedin the Centaur Gladiator began the quest for the Orb.
     0 | D:1      | Reached XP level 1. HP: 17/17 MP: 1/1
   143 | D:1      | Reached skill level 3 in Polearms
   147 | D:1      | Reached XP level 2. HP: 20/25 MP: 2/2
   668 | D:2      | Found an opulent altar of Gozag.
   782 | D:2      | Reached XP level 3. HP: 27/30 MP: 3/3
   913 | D:2      | Noticed Sigmund
   929 | D:2      | HP: 6/30 [something (10)]
   932 | D:2      | Slain by Sigmund

Vault maps used:
D:1:      nzn_arrival_water_spiral
D:2:      amethyst_overflow_temple_binary, overflow_temple_1_default,
          uniq_sigmund, uniq_terence

Skill      XL: |  1 |
---------------+----+-----
Polearms       | 3 |  3.3
Fighting       | |  2.9
Throwing       | |  2.1
Dodging        | |  2.1

Action                   || total
-------------------------++-------
Melee: Trident           ||    67
       Kick              ||     8
  Use: Potion            ||     1
Armor: Leather armour    ||    22
Dodge: Dodged            ||    29

Table legend:
 A = Spawn XP
 B = Non-spawn XP
 C = Spawn XP percentage of total XP
 D = Spawn monster count
 E = Non-spawn monster count
 F = Spawn count percentage of total count
 G = Total turns spent on level
                    A         B        C        D         E        F      G
               +---------+---------+-------+---------+---------+-------+---------
         Total |       0 |      49 |   0.0 |       0 |      21 |   0.0 |   932
               +---------+---------+-------+---------+---------+-------+---------
           D:1 |       0 |      29 |   0.0 |       0 |      16 |   0.0 |   619
           D:2 |       0 |      20 |   0.0 |       0 |       5 |   0.0 |   313
               +---------+---------+-------+---------+---------+-------+---------

Vault maps used:
D:1:      nzn_arrival_water_spiral
D:2:      amethyst_overflow_temple_binary, overflow_temple_1_default,
          uniq_sigmund, uniq_terence

Table legend:
 A = Turns spent in this place as a percentage of turns spent in the entire game.
 B = Non-inter-level travel turns spent in this place as a percentage of non-inter-level travel turns spent in the entire game.
 C = Inter-level travel turns spent in this place as a percentage of turns spent in this place.
 D = Turns resting spent in this place as a percentage of non-inter-level travel turns spent in this place.
 E = Turns spent auto-exploring this place as a percentage of non-inter-level travel turns spent in this place.
 F = Non-inter-level travel turns spent in this place divided by the number of levels of this place that you've seen.
                   A       B       C       D       E      F
               +-------+-------+-------+-------+-------+----------------------
         Total | 100.0 | 100.0 |   0.3 |  15.0 |  70.5 | 464.5
       Dungeon | 100.0 | 100.0 |   0.3 |  15.0 |  70.5 | 464.5
               +-------+-------+-------+-------+-------+----------------------

Table legend:
 A = Kills in this place as a percentage of kills in entire the game.
 B = Kills by you in this place as a percentage of kills by you in the entire game.
 C = Kills by friends in this place as a percentage of kills by friends in the entire game.
 D = Other kills in this place as a percentage of other kills in the entire game.
 E = Experience gained in this place as a percentage of experience gained in the entire game.
 F = Experience gained in this place divided by the number of levels of this place that you have seen.
                   A       B       C       D       E      F
               +-------+-------+-------+-------+-------+----------------------
         Total | 100.0 | 100.0 |   N/A |   N/A | 100.0 |  24.5
       Dungeon | 100.0 | 100.0 |   N/A |   N/A | 100.0 |  24.5
               +-------+-------+-------+-------+-------+----------------------
